 Dungeon Crawl Stone Soup version 0.28.0-43-g3370ac3207 (webtiles) character file.

Game seed: 8745151587281360419

412 Peloso the Slasher (level 6, -5/53 HPs)
             Began as a Minotaur Fighter on Mar 23, 2022.
             Slain by an ogre
             ... wielding a +0 giant club
              (20 damage)
             ... on level 4 of the Dungeon.
             The game lasted 00:05:35 (3619 turns).

Peloso the Slasher (Minotaur Fighter)               Turns: 3619, Time: 00:05:36

Health: -5/53      AC:  8    Str: 21    XL:     6   Next: 59%
Magic:  5/5        EV: 10    Int:  5    God:
Gold:   207        SH:  6    Dex: 11    Spells: 5/5 levels left

rFire   . . .      SeeInvis +   a - +0 long sword
rCold   . . .      Faith    .   c - +1 buckler
rNeg    . . .      Spirit   .   b - +0 scale mail
rPois   .          Reflect  .   (helmet restricted)
rElec   .          Harm     .   r - +0 cloak
rCorr   .          Rampage  .   (no gloves)
Will    .....                   (no boots)
Stlth   ..........              (no amulet)
HPRegen 0.17/turn               j - ring of see invisible
MPRegen 0.09/turn               (no ring)

@: no status effects
A: horns 2, retaliatory headbutt
a: no special abilities


You were on level 4 of the Dungeon.
You visited 1 branch of the dungeon, and saw 4 of its levels.

You collected 207 gold pieces.

Inventory:

Hand Weapons
 a - a +0 long sword (weapon)
Armour
 b - a +0 scale mail (worn)
 c - a +1 buckler (worn)
 r - a +0 cloak (worn)
Jewellery
 e - a ring of ice
 f - a ring of flight
 j - a ring of see invisible (left hand)
Scrolls
 h - 2 scrolls of teleportation {unknown}
 i - a scroll of vulnerability {unknown}
 k - a scroll of fear {unknown}
Potions
 d - a potion of might
 g - a potion of attraction {unknown}
 l - a potion of brilliance {unknown}
 m - a potion of resistance
 n - 2 potions of magic {unknown}
 o - a potion of mutation {unknown}
 p - 2 potions of flight {unknown}
 q - a potion of curing


   Skills:
 + Level 4.5 Fighting
 + Level 5.9 Long Blades
 + Level 5.4 Armour
 + Level 1.6 Dodging
 + Level 0.3 Stealth
 + Level 4.4 Shields


You had 5 spell levels left.
You didn't know any spells.
Your spell library contained the following spells:

 Spells                   Type           Power      Damage    Failure   Level
 Sandblast                Erth           0%         2d4       87%         1
 Summon Small Mammal      Summ           0%         N/A       87%         1
 Passwall                 Tmut/Erth      0%         N/A       95%         2
 Call Canine Familiar     Summ           0%         N/A       99%         3
 Stone Arrow              Conj/Erth      0%         3d7       99%         3
 Summon Guardian Golem    Hex/Summ       0%         N/A       99%         3


Dungeon Overview and Level Annotations

Branches:
Dungeon (4/15)
 Temple: D:4-7

Altars:
Ashenzari
Dithmenos
Trog
Zin

Shops:
D:4 (


Innate Abilities, Weirdness & Mutations

You have a pair of horns on your head.
You reflexively headbutt those who attack you in melee.


Message History

You destroy the adder skeleton!
A goblin comes into view. It is wielding a +0 dagger.
The goblin shouts!
The goblin hits you but does no damage.
You barely miss the goblin. Your headbutt misses the goblin.
The goblin barely misses you.
You hit the goblin.
You kill the goblin!
You see here a +0 dagger.
Key pressed, stopping explore.
A ball python comes into view.
The ball python hisses angrily.
You hear an angry hiss.
A ball python comes into view.
You slash the ball python!
You kill the ball python!
The ball python bites you but does no damage.
The ball python grabs you. The ball python constricts you.
You slash the ball python!
You kill the ball python!
An ogre comes into view. It is wielding a +0 giant club.
The ogre shouts!
An ogre is nearby!
Found a stone staircase leading down.
The ogre hits you with a +0 giant club!!
A worm comes into view.
You slash the ogre! Your headbutt misses the ogre.
The ogre is heavily wounded.
The ogre hits you with a +0 giant club!
* * * LOW HITPOINT WARNING * * *
You hit the ogre.
The ogre is heavily wounded.
You block the ogre's attack.
You hit the ogre.
The ogre is severely wounded.
The ogre barely misses you.
You hit the ogre.
You headbutt the ogre, but do no damage.
The ogre is severely wounded.
The ogre hits you with a +0 giant club!!
You die...

# # #. ###
#>#.#.###.##
#.....w....##
.......@....#
##....O....##
##.....#.############
..
......................
.###.#
#####.########.######
..... #. #.# #...# #.
#.# #...# #. #.#
#...##### #.#


You could see an ogre and a worm.

Vanquished Creatures
  A necrophage (D:4)
  An orc priest (D:3)
  2 hounds
  Natasha (thrice) (D:3)
  5 adders
  An adder skeleton (D:4)
  2 worms
  A dart slug (D:4)
  6 orcs (D:3)
  12 endoplasms
  7 giant cockroaches
  6 goblins
  5 hobgoblins
  13 jackals
  7 kobolds
  5 quokkas
  5 ball pythons
  7 bats
  A frilled lizard (D:3)
  5 rats
95 creatures vanquished.

Notes
Turn   | Place    | Note
-------+----------+-------------------------------------------
     0 | D:1      | Peloso the Minotaur Fighter began the quest for the Orb.
     0 | D:1      | Reached XP level 1. HP: 19/19 MP: 0/0
   406 | D:1      | Reached XP level 2. HP: 27/27 MP: 1/1
   531 | D:1      | Reached XP level 3. HP: 28/33 MP: 2/2
   698 | D:1      | Found a faded altar of an unknown god.
  1315 | D:2      | Reached XP level 4. HP: 38/40 MP: 3/3
  2146 | D:3      | Found a glowing silver altar of Zin.
  2220 | D:3      | You fall into a shaft and drop 1 floor!
  2220 | D:4      | Found a broken altar of Ashenzari.
  2277 | D:4      | Found Enua's Antique Weapon Boutique.
  2311 | D:4      | Reached skill level 5 in Armour
  2329 | D:4      | Noticed a necrophage
  2339 | D:4      | Killed a necrophage
  2340 | D:4      | Reached skill level 1 in Dodging
  2340 | D:4      | Reached XP level 5. HP: 38/46 MP: 4/4
  2653 | D:3      | Noticed Natasha
  2669 | D:3      | Reached skill level 5 in Long Blades
  2673 | D:3      | Killed Natasha
  2674 | D:3      | Reached XP level 6. HP: 43/53 MP: 5/5
  2939 | D:3      | Noticed Natasha
  2945 | D:3      | Killed Natasha
  3118 | D:3      | Found a bloodstained altar of Trog.
  3150 | D:3      | Noticed Natasha
  3162 | D:3      | Killed Natasha
  3322 | D:3      | Found a shadowy altar of Dithmenos.
  3619 | D:4      | Slain by an ogre

Illustrated notes

Levels and vault maps discovered:
D:1:      dpeg_cavernosity, layout_basic, dreamdust_ecumenical_altar_grove
D:2:      layout_loops_corners
D:3:      layout_basic, nicolae_overflow_hidden_temple,
          mainiacjoe_overflow_alcove_2, mainiacjoe_overflow_cross_hatched,
          hangedman_decor_lopped, minivault_24, minmay_guardbox, uniq_natasha
D:4:      layout_loops_ring, amcnicky_altar_gilded,
          lemuel_coloured_pillars_altar, mainiacjoe_overflow_boulevard,
          minmay_temple_entry_antechambers, serial_shops,
          nicolae_take_the_stairs

Skill      XL: |  1  2  3  4  5 |
---------------+----------------+-----
Armour         | 4 5 |  5.4
Shields        | 4 |  4.4
Fighting       | 4 |  4.5
Long Blades    | 3 4 5 |  5.9
Dodging        | 1 |  1.6
Stealth        | |  0.3

Action                   |  1- 3 |  4- 6 || total
-------------------------+-------+-------++-------
Melee: Long sword        |    94 |   132 ||   226
       Headbutt          |    10 |    24 ||    34
  Use: Scroll            |       |     3 ||     3
       Potion            |       |     3 ||     3
Armor: Scale mail        |    51 |    49 ||   100
Dodge: Dodged            |    57 |    44 ||   101
Block: Buckler           |    26 |    32 ||    58
